 Dungeon Crawl Stone Soup version 0.28.0-43-g3370ac3207 (webtiles) character file.

Game seed: 14126165416410235886

32 Kaptain the Digger (level 3, -5/23 HPs)
             Began as an Octopode Earth Elementalist on Mar 5, 2022.
             Slain by a gnoll
             ... wielding a +0 spear
              (7 damage)
             ... on level 2 of the Dungeon.
             The game lasted 00:02:02 (1500 turns).

Kaptain the Digger (Octopode Earth Elementalist)    Turns: 1500, Time: 00:02:03

Health: -5/23      AC:  1    Str:  7    XL:     3   Next: 27%
Magic:  0/6        EV: 13    Int: 19    God:
Gold:   5          SH:  0    Dex: 12    Spells: 5/6 levels left

rFire   . . .      SeeInvis .   a - +0 short sword
rCold   . . .      Faith    .   (no shield)
rNeg    . . .      Spirit   .   (helmet restricted)
rPois   .          Reflect  .   (no amulet)
rElec   .          Harm     .   (no ring)
rCorr   .          Rampage  .   (no ring)
Will    .....                   (no ring)
Stlth   +++.......              (no ring)
HPRegen 0.07/turn               (no ring)
MPRegen 0.10/turn               (no ring)
                                (no ring)
                                (no ring)

@: very slightly contaminated
A: almost no armour, amphibious, 8 rings, camouflage 1, gelatinous body 1,
(nimble swimmer 1), tentacles
a: no special abilities


You were on level 2 of the Dungeon.
You visited 1 branch of the dungeon, and saw 2 of its levels.

You collected 5 gold pieces.

Inventory:

Hand Weapons
 a - a +0 short sword (weapon)
Missiles
 b - 9 stones
Jewellery
 d - a +4 ring of evasion
 e - a ring of resist corrosion
Scrolls
 c - 2 scrolls of identify {unknown}
 f - a scroll of enchant armour {unknown}
 g - a scroll of noise {unknown}
 h - a scroll of acquirement {unknown}
Potions
 i - a potion of haste {unknown}


   Skills:
 * Level 1.1 Fighting
 + Level 2.1 Dodging
 + Level 3.0 Stealth
 * Level 2.3 Spellcasting
 * Level 1.0 Conjurations
 - Level 1.0 Transmutations
 * Level 3.2 Earth Magic


You had 5 spell levels left.
You knew the following spells:

 Your Spells              Type           Power      Damage    Failure   Level
a - Sandblast             Erth           28%        2d8       4%          1

Your spell library contained the following spells:

 Spells                   Type           Power      Damage    Failure   Level
 Passwall                 Tmut/Erth      8%         N/A       11%         2
 Static Discharge         Conj/Air       4%         N/A       21%         2
 Stone Arrow              Conj/Erth      20%        3d8       21%         3
 Petrify                  Tmut/Erth      10%        N/A       56%         4
 Sticky Flame             Conj/Fire      4%         2d3       78%         4
 Dispel Undead            Necr           2%         3d7       85%         4


Dungeon Overview and Level Annotations

Branches:
Dungeon (2/15)

Altars:


Innate Abilities, Weirdness & Mutations

You cannot wear most types of armour.
You are amphibious.
You can wear up to eight rings at the same time.
Your skin changes colour to match your surroundings (Stealth+).
Your rubbery body absorbs attacks. (AC +1, EV +1)
((You are camouflaged when in or above water. (Stealth+)))
You have tentacles for arms and can constrict up to eight enemies at once.


Message History

The gnoll barely misses you.
Your Stealth skill increases to level 3!
Your Conjurations skill increases to level 1!
You have reached level 3!
Your experience leads to an increase in your attributes!
Increase (S)trength, (I)ntelligence, or (D)exterity?
You feel clever. x2
Unknown command.
Casting: Sandblast (safe; 4% risk of failure)
Confirm with . or Enter, or press ? or * to list all spells.
Aiming: Sandblast (safe; 4% risk of failure)
Press: ? - help, Shift-Dir - straight line, f - gnoll
Aim: a gnoll, wielding a +0 spear (fast, 82% to hit)
The blast of sand hits the gnoll.
The gnoll is lightly wounded.
The gnoll hits you from afar with a +0 spear.
The gnoll hits you from afar with a +0 spear!
Casting: Sandblast (safe; 4% risk of failure)
Confirm with . or Enter, or press ? or * to list all spells.
Aiming: Sandblast (safe; 4% risk of failure)
Press: ? - help, Shift-Dir - straight line, f/p - gnoll
Aim: a gnoll, wielding a +0 spear (lightly wounded, fast, 82% to hit)
The blast of sand hits the gnoll but does no damage.
The gnoll is lightly wounded.
The gnoll hits you from afar with a +0 spear.
Unknown command.
Casting: Sandblast (safe; 4% risk of failure)
Confirm with . or Enter, or press ? or * to list all spells.
Aiming: Sandblast (safe; 4% risk of failure)
Press: ? - help, Shift-Dir - straight line, f/p - gnoll
Aim: a gnoll, wielding a +0 spear (lightly wounded, fast, 82% to hit)
You miscast Sandblast.
You are very lightly contaminated with residual magic.
Nothing appears to happen.
The gnoll hits you from afar with a +0 spear.
* * * LOW HITPOINT WARNING * * *
The gnoll hits you from afar with a +0 spear.
* * * LOW HITPOINT WARNING * * *
The gnoll hits you from afar with a +0 spear!
You die...

###.. .$... .g.#
#..# #g.# #.g#
######..#
#.......#########
#.#####.gg.gg.@.#
#########.#
#...<...†.#
#.#########


You could see a gnoll shaman and 3 gnolls.

Vanquished Creatures
  A gnoll (D:2)
  3 dart slugs (D:1)
  2 endoplasms (D:1)
  A goblin (D:1)
  2 hobgoblins (D:1)
  A quokka (D:1)
  3 ball pythons
  A bat (D:1)
  2 kobolds (D:1)
  3 rats (D:1)
19 creatures vanquished.

Notes
Turn   | Place    | Note
-------+----------+-------------------------------------------
     0 | D:1      | Kaptain the Octopode Earth Elementalist began the quest for
                  | the Orb.
     0 | D:1      | Reached XP level 1. HP: 11/11 MP: 3/3
   492 | D:1      | Reached XP level 2. HP: 18/18 MP: 0/5
   762 | D:1      | Found a faded altar of an unknown god.
  1183 | D:1      | Reached skill level 1 in Fighting
  1496 | D:2      | Reached skill level 1 in Conjurations
  1496 | D:2      | Reached XP level 3. HP: 23/23 MP: 2/6
  1500 | D:2      | Slain by a gnoll

Illustrated notes

Levels and vault maps discovered:
D:1:      amcnicky_arrival_choice, layout_loops_ring,
          hellmonk_ecumenical_altar_leap_of_faith, minmay_pentomino_t2
D:2:      layout_loops_ring, basic_altar, uniq_jessica, uniq_robin, uniq_natasha

Skill      XL: |  1  2 |
---------------+-------+-----
Fighting       | 1 |  1.1
Stealth        | 3 |  3.0
Conjurations   | 1 |  1.0
Dodging        | |  2.1
Spellcasting   | |  2.3
Transmutations | |  1.0
Earth Magic    | |  3.2

Action                   || total
-------------------------++-------
Melee: Short sword       ||    18
       Constrict         ||     4
       Tentacles         ||     3
 Cast: Sandblast         ||    24
 Stab: Sleeping          ||     5
Dodge: Dodged            ||    11
